 Dungeon Sprint DCSS version 0.31-a0-596-g831eee08f1 (webtiles) character file.

Game seed: 1212733978814036049

2 sircluck the Shield-Bearer (level 1, -31/33 HPs)
             Began as a Troll Fighter on Aug 20, 2023.
             Killed from afar by a deep elf pyromancer (33 damage)
             ... with a bolt of fire
             ... in the Dungeon (Sprint VII: "The Pits").
             The game lasted 00:00:09 (32 turns).

sircluck the Shield-Bearer (Troll Fighter)            Turns: 32, Time: 00:00:10

Health: -31/33     AC:  4    Str: 23    XL:     1   Next: 25%
Magic:  0/0        EV:  8    Int:  4    God:
Gold:   0          SH:  7    Dex:  9    Spells: 0/0 levels left

rFire   . .          .
                       - Unarmed
rCold   . . .        b - +0 kite shield
rNeg    . . .        a - +0 robe
rPois   .            (helmet restricted)
rElec   .            (no cloak)
rCorr   .            (gloves unavailable)
SInv    .            (boots unavailable)
Will    .....        (no amulet) Stlth
                     (no ring)
HPRegen 1.05/turn    (no ring)
MPRegen 0.07/turn

%: no teleportation
@: berserking, very quick
A: large, unfitting armour, claws 3, regeneration 1, shaggy fur 1, tough skin 1
a: no special abilities


You were in the Dungeon.
You visited 1 branch

Inventory:

Armour
 a - a +0 robe (worn)
 b - a +0 kite shield (worn)
Scrolls
 i - a scroll of blinking
Potions
 c - a potion of might
 d - a potion of curing
 e - a potion of heal wounds
 f - a potion of haste
 g - 2 potions of magic


   Skills:
 + Level 2.6 Fighting
 + Level 2.6 Dodging
 + Level 2.9 Shields
 + Level 2.3 Unarmed Combat


You couldn't memorise any spells.
You didn't know any spells.
Your spell library was empty.

Dungeon Overview and Level Annotations

Branches:
Dungeon (1/1)

Altars:


Innate Abilities, Weirdness & Mutations

You are too large for most types of armour.
You have claws for hands.
Your natural rate of healing is unusually fast.
You are covered in fur. (AC +1)
You have tough skin. (AC +1)


Message History

As you open the gate, it creaks loudly!
An orc priest, 3 orcs and 2 deep elf pyromancers come into view.
An orc is wielding a +0 heavy mace.
The deep elf pyromancer shouts!
The orc shouts! x3
The deep elf pyromancer shouts!
You close the gate.
An orc opens the gate.
You close the gate.
An orc breaks down the gate.
It's broken and can't be closed.
A red film seems to cover your vision as you go berserk!
You feel yourself moving faster!
You feel mighty!
The orc hits you from afar with a +0 trident.
You feel a strong urge to attack something.
There is a broken gate here.
You claw the orc!
You kill the orc!
You scratch the orc.
The orc is moderately wounded.
The deep elf pyromancer completely misses you.
You see here a +0 trident.
You claw the deep elf pyromancer!
The deep elf pyromancer is moderately wounded.
The orc hits you with a +0 hand axe. The orc hits you with a +0 heavy mace.
The orc priest closely misses you.
You block the deep elf pyromancer's attack.
The deep elf pyromancer hits you with a +0 long sword!
You scratch the deep elf pyromancer.
The deep elf pyromancer is moderately wounded.
The deep elf pyromancer hits you with a +0 long sword.
The orc priest hits you with a +0 club. The orc barely misses you.
You block the deep elf pyromancer's attack.
You claw the deep elf pyromancer!
The deep elf pyromancer is heavily wounded.
The orc hits you with a +0 heavy mace!
* * * LOW HITPOINT WARNING * * *
You closely miss the deep elf pyromancer.
The deep elf pyromancer is heavily wounded.
The deep elf pyromancer points at you and mumbles some strange words.
The bolt of fire hits you!!
Ouch! That really hurt!
You die...

#................#
####'#####''######
#.......##''#
#.......##..#
#.......##..#
#...<...##..####
#.......##..#..###
#.......##..#e...##
#.......##..'@e...#
##########..ooo...+
#..'.....#
#..#....##
#..#..### #..####
#..# #..#


You could see 2 deep elf pyromancers, an orc priest and 2 orcs.

Vanquished Creatures
  An orc (D)
1 creature vanquished.

Notes
Turn   | Place    | Note
-------+----------+-------------------------------------------
     0 | D        | sircluck the Troll Fighter began the quest for the Orb.
     0 | D        | Reached XP level 1. HP: 22/22 MP: 0/0
    21 | D        | Noticed a deep elf pyromancer
    21 | D        | Noticed an orc priest
    21 | D        | Noticed a deep elf pyromancer
    32 | D        | Killed from afar by a deep elf pyromancer

Illustrated notes

Levels and vault maps discovered:
D:        pitsprint [storerooms_1, entrance_room_1, metal_vault_1, armoury_1,
          mini_pit_1, grid_room_1, main_hall_1, silver_pit, the_coven_2,
          the_vestibule_1, steel_vault_1, golden_pit, hallway_of_sentries,
          crystal_vault_1, iron_vault_4, final_vault]

Action                     || total
---------------------------++-------
  Melee: Unarmed           ||     6
    Use: Potion            ||     1
  Dodge: Dodged            ||     3
  Block: Kite shield       ||     2

Table legend: (Time is in decaauts)
 A = Elapsed time spent in this place.
 B = Non-inter-level travel time spent in this place.
 C = Inter-level travel time spent in this place.
 D = Time resting spent in this place.
 E = Time spent auto-exploring this place.
 F = Levels seen in this place.
 G = Mean time per level.
                   A        B        C        D        E       F      G
               +--------+--------+--------+--------+--------+-----+--------+
         Total |     29 |     29 |      0 |      0 |     21 |   1 |   29.0 |
       Dungeon |     29 |     29 |      0 |      0 |     21 |   1 |   29.0 |
               +--------+--------+--------+--------+--------+-----+--------+

Top non-repeatable levels by time:
       D: 29 daAuts
